 Dungeon Crawl Stone Soup version 0.28-b1-78-gc65acfa365 (webtiles) character file.

Game seed: 17152869405196701399

53 Awezug the Poker (level 3, 0/28 HPs)
             Began as a Merfolk Gladiator on Feb 4, 2022.
             Succumbed to an adder's poison
             ... on level 3 of the Dungeon.
             The game lasted 00:05:17 (1593 turns).

Awezug the Poker (Merfolk Gladiator)                Turns: 1593, Time: 00:05:17

Health: 0/28       AC:  4    Str: 13 (14) XL:     3   Next: 87%
Magic:  3/3        EV: 13    Int:  6 (7)  God:
Gold:   76         SH:  0    Dex: 15 (17) Spells: 2/2 levels left

rFire   . . .      SeeInvis .   a - +0 trident
rCold   . . .      Faith    .   (no shield)
rNeg    . . .      Spirit   .   b - +0 leather armour
rPois   .          Reflect  .   c - +0 helmet
rElec   .          Harm     .   (no cloak)
rCorr   .          Rampage  .   (no gloves)
Will    .....                   (no boots)
Stlth   +.........              (no amulet)
HPRegen 0.09/turn               (no ring)
MPRegen 0.08/turn               (no ring)

@: lethally poisoned (0 -> -22), about to teleport
A: (nimble swimmer 2), mertail
a: no special abilities


You were on level 3 of the Dungeon.
You visited 1 branch of the dungeon, and saw 3 of its levels.

You collected 76 gold pieces.

Inventory:

Hand Weapons
 a - a +0 trident (weapon)
Missiles
 d - 3 throwing nets
Armour
 b - a +0 leather armour (worn)
 c - a +0 helmet (worn)
Scrolls
 e - 2 scrolls of identify (quivered)


   Skills:
 + Level 2.9 Fighting
 + Level 5.1 Polearms
 + Level 2.5 Throwing
 + Level 4.6 Dodging


You had 2 spell levels left.
You didn't know any spells.
Your spell library was empty.

Dungeon Overview and Level Annotations

Branches:
Dungeon (3/15)

Altars:

Shops:
D:2 (


Innate Abilities, Weirdness & Mutations

((You are very nimble when in or above water. (Stealth+, EV+, Speed+++)))
Your lower body shifts to a powerful aquatic tail in water.


Message History

The adder is severely wounded.
You feel sick. The adder bites you but does no damage.
You miss the adder.
The adder is severely wounded.
You feel sick. The adder misses you. The adder closely misses you.
You closely miss the adder.
The adder is severely wounded.
You feel sick. The adder bites you.
You are more poisoned.
The adder poisons you!
You miss the adder.
The adder is severely wounded.
You feel sick. The adder misses you.
You miss the adder.
The adder is severely wounded.
You feel sick. The adder bites you.
You are more poisoned.
The adder poisons you! The adder bites you but does no damage.
You closely miss the adder.
The adder is severely wounded.
You feel sick. The adder bites you but does no damage.
You barely miss the adder.
The adder is severely wounded.
You feel sick. The adder bites you.
You are lethally poisoned!
The adder poisons you! The adder bites you.
* * * LOW HITPOINT WARNING * * *
You are more poisoned.
The adder poisons you!
You closely miss the adder.
The adder is severely wounded.
* * * LOW HITPOINT WARNING * * *
You feel very sick. The adder bites you.
* * * LOW HITPOINT WARNING * * *
You are more poisoned.
The adder poisons you!
As you read the scroll labelled INWOEF CAITAU, it crumbles to dust.
You feel strangely unstable.
It was a scroll of teleportation.
You die...

####### ##########......
#..........##...
#.#######..##.## #.#
#....... #.# ###.#.##
#########.########....#
(.....S@..............#
..#####.##########...###
#.# ####..... #.#
#........ #.# #.##.....
#.# #.##[#### #.#
#.##.#### #.# #.##.....
#.#######


You could see an adder.

Vanquished Creatures
  Terence (D:2)
  A worm (D:3)
  2 endoplasms (D:2)
  2 giant cockroaches (D:2)
  2 goblins
  5 jackals
  A kobold (D:2)
  4 ball pythons
  4 bats
  3 frilled lizards
  2 rats
27 creatures vanquished.

Notes
Turn   | Place    | Note
-------+----------+-------------------------------------------
     0 | D:1      | Awezug the Merfolk Gladiator began the quest for the Orb.
     0 | D:1      | Reached XP level 1. HP: 16/16 MP: 1/1
   138 | D:1      | You fall into a shaft and drop 1 floor!
   245 | D:2      | Reached XP level 2. HP: 23/23 MP: 2/2
   759 | D:2      | Noticed Terence
   777 | D:2      | Killed Terence
   778 | D:2      | Reached skill level 5 in Polearms
   778 | D:2      | Reached XP level 3. HP: 13/28 MP: 3/3
  1243 | D:2      | Found Ryfronot's Antique Weapon Shoppe.
  1448 | D:3      | Found a faded altar of an unknown god.
  1593 | D:3      | Succumbed to an adder's poison

Illustrated notes

Levels and vault maps discovered:
D:1:      heliophobic_arrival_battle_scene, layout_loops_cross
D:2:      layout_basic, serial_shops, shop, uniq_terence
D:3:      layout_loops_ring, lemuel_tele_altar, ebering_ecumenical_altar_webs

Skill      XL: |  1  2 |
---------------+-------+-----
Polearms       | 5 |  5.1
Fighting       | |  2.9
Throwing       | |  2.5
Dodging        | |  4.6

Action                   || total
-------------------------++-------
Melee: Trident           ||   150
       Punch             ||     3
  Use: Potion            ||     2
       Scroll            ||     3
Armor: Leather armour    ||    34
Dodge: Dodged            ||   108
